 Dungeon Crawl Stone Soup version 0.28-a0-1429-gf3d713df7a (webtiles) character file.

Game seed: 14035774279090359479

393 eustatius the Covered (level 6, 0/38 HPs)
             Began as a Gargoyle Fighter on Jan 8, 2022.
             Slain by an unseen horror (8 damage)
             ... on level 5 of the Dungeon.
             The game lasted 00:11:54 (3686 turns).

eustatius the Covered (Gargoyle Fighter)            Turns: 3686, Time: 00:11:54

Health: 0/38       AC: 14    Str: 20    XL:     6   Next: 81%
Magic:  6/6        EV: 10    Int:  8    God:
Gold:   151        SH:  5    Dex: 11    Spells: 5/5 levels left

rFire   . . .      SeeInvis .   l - +3 dagger (elec)
rCold   . . .      Faith    .   c - +0 buckler
rNeg    + . .      Spirit   .   b - +0 scale mail
rPois   ∞          Reflect  .   (no helmet)
rElec   +          Harm     .   h - +0 cloak
rCorr   .          Rampage  .   (no gloves)
Will    .....                   v - +0 pair of boots
Stlth   ..........              (no amulet)
HPRegen 0.12/turn               (no ring)
MPRegen 0.10/turn               (no ring)

@: no status effects
A: sickness immunity, AC +4, negative energy resistance 1, electricity
resistance, torment resistance 1, petrification resistance
a: no special abilities


You were on level 5 of the Dungeon.
You visited 1 branch of the dungeon, and saw 5 of its levels.

You collected 151 gold pieces.

Inventory:

Hand Weapons
 a - a +0 flail
 l - a +3 dagger of electrocution (weapon)
Armour
 b - a +0 scale mail (worn)
 c - a +0 buckler (worn)
 h - a +0 cloak (worn)
 v - a +0 pair of boots (worn)
Jewellery
 s - a ring of fire
 x - a ring of magical power
Wands
 p - a wand of iceblast (5) (quivered)
Scrolls
 e - 6 scrolls of identify {unknown}
 f - 2 scrolls of enchant armour {unknown}
 g - 2 scrolls of noise {unknown}
 i - a scroll of immolation {unknown}
 n - 2 scrolls of vulnerability {unknown}
 t - a scroll of brand weapon {unknown}
 u - 2 scrolls of holy word {unknown}
 w - a scroll of silence {unknown}
 y - a scroll of fog {unknown}
Potions
 d - a potion of might
 j - a potion of curing {unknown}
 k - a potion of lignification {unknown}
 m - a potion of mutation {unknown}
 o - a potion of magic {unknown}
 q - 2 potions of heal wounds {unknown}
 r - a potion of invisibility {unknown}
 z - a potion of degeneration {unknown}
 A - a potion of brilliance {unknown}


   Skills:
 + Level 3.8 Fighting
 * Level 2.5 Short Blades
 - Level 2.1 Maces & Flails
 * Level 5.1 Armour
 * Level 2.4 Dodging
 + Level 0.2 Stealth
 * Level 4.5 Shields


You had 5 spell levels left.
You didn't know any spells.
Your spell library contained the following spells:

 Spells                   Type           Power      Damage    Failure   Level
 Animate Skeleton         Necr           0%         N/A       83%         1
 Apportation              Tloc           0%         N/A       83%         1
 Summon Small Mammal      Summ           0%         N/A       83%         1


Dungeon Overview and Level Annotations

Branches:
Dungeon (5/15)             Temple (0/1) D:4

Altars:
Ashenzari
Nemelex Xobeh
Vehumet
Wu Jian
Yredelemnul

Shops:
D:2 ?


Innate Abilities, Weirdness & Mutations

You are immune to sickness and miasma.
Your stone body is resilient. (AC +4)
You are immune to poison.
You resist negative energy. (rN+)
You are resistant to electric shocks. (rElec)
You are resistant to unholy torment.
You are immune to petrification.


Message History

Aiming: Iceblast
Press: ? - help, Q - select action Shift-Dir - straight line, f - gnoll
Aim: a gnoll, wielding a +0 flail (lightly wounded) That beam is likely to hit you.
Continue anyway?
Okay, then.
Aiming: Iceblast
Press: ? - help, Q - select action Shift-Dir - straight line, f/p - gnoll
Aim: a gnoll, wielding a +0 flail (lightly wounded) That beam is likely to hit you.
Continue anyway?
Okay, then.
Aiming: Iceblast
Press: ? - help, Q - select action Shift-Dir - straight line, f/p - gnoll
Aim: a gnoll, wielding a +0 flail (lightly wounded) That beam is likely to hit you.
Continue anyway?
Okay, then.
Aiming: Iceblast
Press: ? - help, Q - select action Shift-Dir - straight line, f/p - gnoll
Aim: a gnoll, wielding a +0 flail (lightly wounded)
The mass of ice explodes!
The iceblast engulfs the gnoll.
The gnoll is moderately wounded.
The iceblast engulfs something.
Aiming: Iceblast
Press: ? - help, Q - select action Shift-Dir - straight line, f/p - gnoll
Aim: a gnoll, wielding a +0 flail (moderately wounded) That beam is likely to hit you.
Continue anyway? [Y]es or [N]o only, please.
That beam is likely to hit you.
Continue anyway? [Y]es or [N]o only, please.
That beam is likely to hit you.
Continue anyway? [Y]es or [N]o only, please.
That beam is likely to hit you.
Continue anyway?
Okay, then.
Aiming: Iceblast
Press: ? - help, Q - select action Shift-Dir - straight line, f/p - gnoll
Aim: a gnoll, wielding a +0 flail (moderately wounded) That beam is likely to hit you.
Continue anyway?
Okay, then.
Something hits you but does no damage. Something hits you!
You die...

#.......# #.......#
#.......# ###
#.......# #..
########.......#
#.####...#..........#
#..g.#.#.#<.....#####
#..#.#.#.#......#
###..#.#.g.@......#
#.g..#.#...#......#
#g##.#.g...###....#
######"##.#######
#....# #....ggg..#
#....# ....w.g####
###### ......$#
...##### ...


You could see a gnoll shaman and a gnoll.

Vanquished Creatures
  A phantom (D:4)
  A bullfrog (D:3)
  3 vampire bats (D:3)
  A centaur skeleton (D:4)
  An iguana (D:4)
  2 adders
  4 worms (D:4)
  A dart slug (D:3)
  6 orcs
  3 endoplasms
  2 giant cockroaches (D:3)
  2 goblins
  3 hobgoblins
  3 jackals (D:3)
  3 ball pythons
  8 bats
  6 frilled lizards
  2 kobolds
  A quokka skeleton (D:4)
  4 rats
  A bush (D:1)
58 creatures vanquished.

Vanquished Creatures (others)
  2 plants (D:1)
2 creatures vanquished.

Grand Total: 60 creatures vanquished

Notes
Turn   | Place    | Note
-------+----------+-------------------------------------------
     0 | D:1      | eustatius the Gargoyle Fighter began the quest for the Orb.
     0 | D:1      | Reached XP level 1. HP: 14/14 MP: 1/1
   564 | D:1      | Found a faded altar of an unknown god.
   633 | D:1      | Reached XP level 2. HP: 19/19 MP: 2/2
  1168 | D:2      | Found Jautau's Magic Scroll Boutique.
  1870 | D:3      | Reached XP level 3. HP: 23/23 MP: 3/3
  1896 | D:3      | Noticed a bullfrog
  1908 | D:3      | Killed a bullfrog
  1909 | D:3      | Reached skill level 1 in Short Blades
  1909 | D:3      | Reached skill level 4 in Armour
  1909 | D:3      | Reached XP level 4. HP: 20/29 MP: 4/4
  2271 | D:3      | Reached skill level 1 in Dodging
  2293 | D:3      | Reached XP level 5. HP: 30/33 MP: 5/5
  2317 | D:3      | Found an ornate altar of the Wu Jian Council.
  2331 | D:3      | Found a sparkling altar of Nemelex Xobeh.
  2331 | D:3      | Found a basalt altar of Yredelemnul.
  2370 | D:3      | Found a radiant altar of Vehumet.
  2373 | D:3      | Found a broken altar of Ashenzari.
  2600 | D:3      | Reached XP level 6. HP: 38/38 MP: 6/6
  3021 | D:4      | Found a staircase to the Ecumenical Temple.
  3134 | D:4      | Reached skill level 5 in Armour
  3623 | D:5      | Entered Level 5 of the Dungeon
  3686 | D:5      | Slain by an unseen horror

Illustrated notes

Levels and vault maps discovered:
D:1:      doesnt_arrival_eight_statues, layout_basic,
          shapermc_ecumenical_altar_pompeii, serial_forest,
          infiniplex_forest_clump_medium, infiniplex_forest_lined_room_3,
          infiniplex_forest_diagonal, infiniplex_forest_pool,
          infiniplex_forest_end_3, infiniplex_forest_clump_C
D:2:      layout_loops_cross, serial_shops, nicolae_shop_advertising_works
          [nicolae_subvault_shop_adworks]
D:3:      layout_loops_cross, minmay_overflow_temple_star_hex,
          solitary_fountain, roderic_batcave, minmay_misc_feat_columns
D:4:      layout_rooms, minmay_temple_entry_arrows, nicolae_wormholes
D:5:      layout_basic

Skill      XL: |  1  2  3  4  5  6 |
---------------+-------------------+-----
Short Blades   | 1 2 |  2.5
Armour         | 4 5 |  5.1
Shields        | 4 |  4.5
Dodging        | 1 2 |  2.4
Fighting       | |  3.8
Maces & Flails | |  2.1
Stealth        | |  0.2

Action                   |  1- 3 |  4- 6 || total
-------------------------+-------+-------++-------
Melee: Flail             |    95 |       ||    95
       Dagger            |    14 |   144 ||   158
Evoke: Wand              |       |     1 ||     1
Armor: Scale mail        |    25 |   122 ||   147
Dodge: Dodged            |    21 |    89 ||   110
Block: Buckler           |    11 |    35 ||    46

Table legend: (Time is in decaauts)
 A = Elapsed time spent in this place.
 B = Non-inter-level travel time spent in this place.
 C = Inter-level travel time spent in this place.
 D = Time resting spent in this place.
 E = Time spent auto-exploring this place.
 F = Levels seen in this place.
 G = Mean time per level.
                   A        B        C        D        E       F      G
               +--------+--------+--------+--------+--------+-----+--------+
         Total |   3709 |   3489 |    220 |      0 |   2650 |   5 |  741.8 |
       Dungeon |   3709 |   3489 |    220 |      0 |   2650 |   5 |  741.8 |
               +--------+--------+--------+--------+--------+-----+--------+

Top non-repeatable levels by time:
     D:1: 1167 daAuts
     D:3: 1089 daAuts
     D:4: 766 daAuts
     D:2: 624 daAuts
     D:5: 62 daAuts
